 Dungeon Crawl Stone Soup version 0.27.0-1-g7a089689b8 (webtiles) character file.

Game seed: 1432190013515762456

205 nxtlvl the Slasher (level 5, -7/27 HPs)
             Began as a Deep Elf Monk on Aug 7, 2021.
             Was a Believer of Hepliaklqana.
             Killed by divine providence
             ... invoked by an orc priest
              (9 damage)
             ... on level 4 of the Dungeon.
             The game lasted 00:15:08 (1477 turns).

nxtlvl the Slasher (Deep Elf Monk)                  Turns: 1477, Time: 00:15:08

Health: -7/27      AC:  5    Str:  8    XL:     5   Next: 52%
Magic:  7/7        EV: 11    Int: 15    God:    Hepliaklqana [**....]
Gold:   163        SH:  0    Dex: 18    Spells: 4/4 levels left

rFire    . . .     SeeInvis .   a - +0 falchion
rCold    . . .     Faith    .   (no shield)
rNeg     . . .     Spirit   .   c - +0 ring mail
rPois    .         Reflect  .   (no helmet)
rElec    .         Harm     .   (no cloak)
rCorr    .         Rampage  .   (no gloves)
Will     .....                  (no boots)
Stlth    ++........             (no amulet)
HPRegen  0.09/turn              (no ring)
MPRegen  0.10/turn              (no ring)

@: attractive
A: reduced essence
a: Renounce Religion, Recall Ancestor, Ancestor Identity


You were on level 4 of the Dungeon.
You worshipped Hepliaklqana.
Hepliaklqana was pleased with you.
You visited 2 branches of the dungeon, and saw 6 of its levels.

You collected 163 gold pieces.

Inventory:

Hand Weapons
 a - a +0 falchion (weapon)
Missiles
 f - 12 poisoned darts (quivered)
 n - 40 arrows
Armour
 b - a +0 plate armour
 c - a +0 ring mail (worn)
 j - a +0 scale mail
Wands
 i - a wand of charming (11)
Scrolls
 h - 2 scrolls of magic mapping {unknown}
 k - a scroll of vulnerability {unknown}
 m - a scroll of amnesia {unknown}
Potions
 d - a potion of curing
 e - a potion of resistance {unknown}
 g - a potion of mutation {unknown}
 l - a potion of heal wounds {unknown}
 o - a potion of attraction


   Skills:
 - Level 2.4 Fighting
 * Level 5.7 Long Blades
 - Level 3.6 Dodging
 - Level 2.4 Stealth


You had 4 spell levels left.
You didn't know any spells.
Your spell library contained the following spells:

 Spells                   Type           Power      Damage    Failure   Level
 Animate Skeleton         Necr           0%         N/A       63%         1
 Apportation              Tloc           0%         N/A       63%         1
 Corona                   Hex            0%         N/A       63%         1
 Summon Small Mammal      Summ           0%         N/A       63%         1


Dungeon Overview and Level Annotations

Branches:
Dungeon (5/15)             Temple (1/1) D:4

Altars:
Ashenzari
Cheibriados
Dithmenos
Elyvilon
Fedhas
Gozag
Hepliaklqana
Kikubaaqudgha
Makhleb
Nemelex Xobeh
Okawaru
Qazlal
Ru
Sif Muna
Trog
Uskayaw
Vehumet
Wu Jian
Xom
Zin
The Shining One

Annotations:
D:3 exclusion: downstairs
D:4 exclusion: downstairs


Message History

There is an open door here.
An ice beast comes into view.
You pick up a book of Cantrips and begin reading...
You add the spells Corona, Animate Skeleton, Summon Small Mammal and Apportation to your library.
There is a stone staircase leading up here.
You climb upwards.
Level annotation: exclusion: downstairs The orc shouts!
The orc priest shouts!
The orc shouts!
The orc wizard shouts!
The orc wizard points at you and mumbles some strange words.
The magic dart hits you. The orc priest closely misses you.
The orc hits you with a +0 flail.
The orc barely misses Bintanath.
The orc closely misses you.
The orc barely misses Bintanath.
The orc wizard hits you but does no damage.
The orc priest hits you with a +0 mace.
* * * LOW HITPOINT WARNING * * *
Found 17 stones.
There is a stone staircase leading down, spattered with blood here.
Okay, then.
It was a potion of curing.
You feel better.
Bintanath hits the orc with a +0 dagger of draining!
The orc dies!
The orc hits Bintanath with a +0 whip!
The orc priest misses you.
The orc wizard points at you and mumbles some strange words.
The magic dart hits you.
* * * LOW HITPOINT WARNING * * *
It was a potion of attraction.
You feel attractive to monsters. The orc priest hits you with a +0 mace.
* * * LOW HITPOINT WARNING * * *
The orc wizard points at you and mumbles some strange words.
You are confused.
You feel better.
Bintanath hits the orc wizard with a +0 dagger of draining.
Bintanath drains the orc wizard.
The orc hits you with a +0 whip.
* * * LOW HITPOINT WARNING * * *
The orc wizard hits you with a +0 dagger.
* * * LOW HITPOINT WARNING * * *
The orc priest mumbles some strange prayers to Beogh against you.
Beogh smites you!
You die...

## ##.### ###########
##....#### .)........#
##.$....... #########.#
##..$....### # #####
#.############...#.....# #
#...###.#.....@o.(....###....##
#
#<#..........oRo..####.#.......
# #...###.#.#####...# #...#####
# ##.## #.#.# #### #...##### #
#.# #.#.# #........ ####.##
#.#.# ###..#####
......###.#.##### #.....#
..<.............# #.#>.##
####.######.###.# #.#.##


You could see the friendly Bintanath the hexer, an orc priest, an orc wizard
(drained, ally target) and an orc.

Vanquished Creatures
  2 scorpions
  An adder (D:3)
  2 orcs
  2 bats (D:3)
  An endoplasm (D:3)
  A goblin (D:3)
  A quokka (D:4)
  2 ball pythons
  A frilled lizard (D:3)
  4 kobolds
  A rat (D:3)
18 creatures vanquished.

Vanquished Creatures (collateral kills)
  A bullfrog skeleton (D:5)
  An iguana (D:4)
  An adder (D:4)
  An orc (D:4)
4 creatures vanquished.

Vanquished Creatures (others)
  2 hexers
2 creatures vanquished.

Grand Total: 24 creatures vanquished

Notes
Turn   | Place    | Note
-------+----------+-------------------------------------------
     0 | D:1      | nxtlvl the Deep Elf Monk began the quest for the Orb.
     0 | D:1      | Reached XP level 1. HP: 13/13 MP: 3/3
   111 | D:3      | Reached skill level 3 in Long Blades
   180 | D:4      | Noticed a black bear
   301 | D:3      | Reached XP level 2. HP: 8/18 MP: 4/4
   577 | D:4      | Noticed a scorpion
   604 | D:4      | Killed a scorpion
   605 | D:4      | Reached skill level 4 in Long Blades
   605 | D:4      | Reached XP level 3. HP: 17/22 MP: 5/5
   605 | D:4      | Reached XP level 4. HP: 21/27 MP: 6/6
   843 | D:4      | Found a staircase to the Ecumenical Temple.
   851 | Temple   | Entered the Ecumenical Temple
   899 | Temple   | Became a worshipper of Hepliaklqana the Forgotten
   899 | Temple   | Reached * piety under Hepliaklqana
   899 | Temple   | Reached ** piety under Hepliaklqana
   900 | Temple   | Remembered your ancestor Bintanath as a hexer
   992 | D:5      | Entered Level 5 of the Dungeon
  1008 | D:5      | Noticed a phantom
  1018 | D:5      | Reached skill level 5 in Long Blades
  1201 | D:5      | Noticed a scorpion
  1208 | D:5      | Killed a scorpion
  1209 | D:5      | Reached XP level 5. HP: 27/27 MP: 7/7
  1465 | D:5      | Noticed an ice beast
  1476 | D:4      | HP: 1/27 [orc priest (5)]
  1477 | D:4      | Killed from afar by an orc priest

Illustrated notes

Levels and vault maps discovered:
D:1:      minmay_arrival_loop, layout_basic, serial_glass, glass_columns_c,
          glass_columns_b, glass_columns_a, glass_columns_a,
          basic_ecumenical_altar
D:2:      layout_basic, uniq_jessica, uniq_sigmund
D:3:      layout_loops_corners, uniq_grinder
D:4:      layout_loops_ring, minmay_temple_entry_trees
D:5:      layout_gridville, kennysheep_boxes
Temple:   compressed_dpeg_circular_temple

Skill      XL: |  1  2  3  4 |
---------------+-------------+-----
Long Blades    | 3 4 5 |  5.7
Fighting       | |  2.4
Dodging        | |  3.6
Stealth        | |  2.4

Action                   |  1- 3 |  4- 6 || total
-------------------------+-------+-------++-------
Melee: Falchion          |    50 |     9 ||    59
Throw: Dart              |     8 |    14 ||    22
Invok: Recall Ancestor   |       |     3 ||     3
       Ancestor Life: He |       |     1 ||     1
  Use: Potion            |       |     3 ||     3
 Stab: Sleeping          |     3 |     1 ||     4
Armor: Ring mail         |    20 |     4 ||    24
Dodge: Dodged            |    25 |     4 ||    29
       Rpst.: Falchion   |     8 |       ||     8
